Map: Neon Violet Square LE

Players

axu - Winner!

  • Race: Protoss Protoss
  • League: Platinum
  • Spawn Location: 5:00

Buster

  • Race: Protoss Protoss
  • League: Platinum
  • Spawn Location: 11:00

VOD

Have the link to the VOD?

Description

Time

  • Played on: March 7, 2018, 10:08 a.m.
  • Length: 29:07
Show
View Real Time Build Order
Export as new Build Order

axu Protoss - Winner!

Build Orders:  

Get SALT Encoding   

  12  0:04  Probe  
  13  0:19  Probe  
  14  0:25  Pylon  
  14  0:31  Probe  
  15  0:43  Probe  
  15  0:48  Gateway  
  16  0:53  Assimilator  
  16  0:55  Probe  
  17  0:59  Assimilator  
  17  1:11  Gateway  
  17  1:22  Probe (Chrono Boost)  
  18  1:34  Probe (Chrono Boost)  
  19  1:41  Probe (Chrono Boost)  
  19  1:43  Cybernetics Core  
  20  1:48  Probe  
  21  2:00  Probe  
  22  2:08  Pylon  
  22  2:12  Probe  
  23  2:26  Adept x2  
  27  2:34  Warp Gate (Chrono Boost)  
  27  2:36  Nexus  
  27  3:01  Probe  
  27  3:02  Stalker  
  30  3:13  Probe  
  30  3:14  Pylon x2  
  31  3:31  Stalker  
  33  3:55  Stalker  
  35  4:01  Stalker  
  35  4:02  Robotics Facility  
  37  4:05  Probe x2  
  39  4:17  Probe x2  
  29  4:48  Probe x2  
  31  4:53  Shield Battery  
  31  4:55  Stalker x2  
  31  4:59  Observer  
  36  5:00  Probe x2  
  38  5:12  Probe  
  38  5:13  Probe  
  40  5:15  Gateway  
  40  5:21  Forge  
  40  5:24  Probe  
  34  5:44  Probe (Chrono Boost)  
  34  5:45  Probe (Chrono Boost)  
  36  5:51  Protoss Ground Weapons Level 1 (Chrono Boost)  
  36  5:57  Probe x2 (Chrono Boost)  
  38  6:02  Pylon  
  38  6:05  Probe x2 (Chrono Boost)  
  38  6:07  Pylon  
  40  6:18  Probe x2  
  41  6:32  Twilight Council  
  41  6:33  Probe x2  
  43  6:45  Probe x2  
  43  6:46  Shield Battery  
  45  6:52  Assimilator  
  45  6:57  Probe  
  45  6:58  Probe  
  47  7:09  Probe  
  47  7:10  Probe  
  47  7:11  Charge (Chrono Boost), Dark Shrine  
  47  7:15  Zealot x2  
  53  7:21  Assimilator  
  53  7:22  Probe x2 (Chrono Boost)  
  55  7:31  Warp Prism (Chrono Boost)  
  55  7:34  Probe x2 (Chrono Boost)  
  59  7:39  Probe x2 (Chrono Boost)  
  61  7:49  Probe  
  61  7:50  Probe  
  63  8:20  Gateway  
  63  8:21  Gateway  
  63  8:23  Gateway  
  63  8:25  Gateway  
  63  8:31  Dark Templar x2  
  63  8:32  Dark Templar  
  67  8:46  Dark Templar  
  69  8:51  Protoss Ground Weapons Level 2 (Chrono Boost)  
  69  8:53  Probe  
  66  9:38  Dark Templar  
  66  9:39  Dark Templar x2  
  66  10:01  Dark Templar x3  
  66  10:02  Dark Templar  
  72  10:16  Nexus  
  72  10:19  Pylon  
  72  10:21  Pylon  
  71  10:22  Pylon  
  71  10:23  Dark Templar x2  
  71  10:24  Dark Templar  
  71  10:25  Archon x2  
  75  10:37  Gateway  
  75  10:39  Gateway  
  75  10:41  Gateway  
  75  10:42  Dark Templar x4  
  83  10:45  Archon  
  83  10:46  Archon x2  
  83  10:47  Gateway  
  83  10:49  Gateway  
  83  10:50  Gateway  
  70  11:19  Dark Templar x2  
  70  11:20  Dark Templar x3  
  79  11:27  Archon x3  
  79  11:33  Dark Templar  
  79  11:35  Stalker  
  74  11:59  Nexus  
  74  12:02  Zealot x6  
  86  12:14  Assimilator  
  86  12:16  Pylon  
  86  12:18  Assimilator  
  86  12:20  Pylon  
  58  12:55  Stalker x3  
  58  12:56  Stalker x4  
  70  13:00  Immortal  
  72  13:09  Pylon  
  72  13:11  Probe x3  
  75  13:23  Probe x2  
  77  13:28  Zealot x2  
  77  13:29  Zealot x3  
  87  13:39  Pylon  
  87  14:03  Zealot x5  
  87  14:04  Zealot x5  
  103  14:30  Dark Templar x5  
  103  14:31  Dark Templar  
  115  14:35  Archon x2  
  115  14:36  Archon  
  101  15:07  Zealot x3  
  101  15:08  Zealot x3  
  101  15:10  Dark Templar  
  101  15:11  Dark Templar x4  
  101  15:13  Dark Templar  
  121  15:16  Archon x2  
  121  15:17  Archon  
  111  15:21  Pylon  
  111  15:23  Pylon  
  111  15:28  Protoss Shields Level 1, Pylon  
  109  15:53  Shield Battery  
  109  15:54  Shield Battery  
  109  15:56  Shield Battery  
  109  15:58  Zealot  
  109  15:59  Zealot x4  
  107  16:18  Nexus  
  107  16:41  Probe x3  
  110  16:53  Probe x3  
  113  17:05  Probe  
  114  17:10  Assimilator  
  114  17:14  Assimilator  
  114  17:16  Dark Templar x4  
  114  17:18  Pylon, Dark Templar  
  114  17:21  Pylon  
  124  17:23  Pylon, Dark Templar  
  124  17:25  Archon  
  124  17:26  Archon  
  124  17:27  Archon  
  126  17:36  Forge  
  126  17:38  Pylon  
  126  17:44  Protoss Shields Level 2 (Chrono Boost)  
  126  17:56  Probe x3  
  126  17:57  Probe  
  130  18:02  Zealot x4  
  130  18:05  Zealot  
  140  18:08  Probe  
  133  18:41  Nexus  
  133  18:44  Pylon  
  133  18:47  Robotics Facility, Pylon  
  131  18:49  Pylon  
  131  18:59  Immortal (Chrono Boost)  
  131  19:01  Stargate  
  135  19:04  Protoss Ground Armor Level 1 (Chrono Boost)  
  135  19:12  Shield Battery  
  135  19:14  Shield Battery  
  135  19:23  Zealot x5  
  135  19:24  Zealot x2  
  149  19:31  Immortal  
  153  19:39  Photon Cannon  
  153  19:40  Photon Cannon  
  119  20:00  Zealot x6  
  119  20:01  Zealot x3  
  137  20:08  Zealot  
  137  20:09  Zealot  
  141  20:18  Dark Templar  
  138  20:35  Immortal  
  130  20:43  Zealot x3  
  126  21:06  Zealot x2  
  126  21:07  Zealot x3  
  123  21:33  Nexus  
  123  21:50  Immortal x2  
  129  22:16  Assimilator  
  129  22:20  Assimilator  
  129  22:27  Fleet Beacon  
  129  22:29  Immortal  
  133  22:51  Protoss Ground Armor Level 2 (Chrono Boost)  
  133  22:52  Protoss Ground Weapons Level 3 (Chrono Boost)  
  133  22:54  Stargate  
  133  22:58  Stargate  
  133  23:06  Probe x4  
  137  23:18  Probe x2  
  139  23:21  Probe x2  
  141  23:27  Dark Templar  
  141  23:28  Dark Templar  
  141  23:30  Probe x2  
  141  23:32  Archon  
  141  23:33  Probe x2  
  149  23:52  Dark Templar x3  
  149  23:53  Dark Templar x2  
  149  23:54  Dark Templar  
  161  23:57  Archon x2  
  161  23:58  Archon  
  161  24:19  Tempest  
  161  24:20  Tempest  
  173  24:28  Observer (Chrono Boost)  
  163  24:33  Observer (Chrono Boost)  
  163  24:49  Probe  
  163  24:50  Probe x4  
  168  24:58  Dark Templar  
  168  24:59  Dark Templar x6  
  182  25:00  Dark Templar  
  182  25:02  Archon, Probe x2  
  182  25:03  Archon x2  
  182  25:04  Archon  
  181  25:30  Assimilator  
  181  25:47  Pylon  
  181  25:49  Pylon  
  181  25:56  Tempest  
  187  26:05  Tempest  
  187  26:07  Nexus  
  187  26:09  Pylon  
  166  27:14  Dark Templar x3  
  166  27:15  Dark Templar x5  
  180  27:16  Dark Templar x4  
  180  27:18  Archon x2  
  180  27:19  Archon x2  
  180  27:20  Archon x2  
  176  27:47  Zealot x4  
  176  27:48  Zealot x4  
  176  28:35  Zealot x4  
  176  28:36  Zealot x6  
  176  28:37  Zealot  
Show
View Real Time Build Order
Export as new Build Order

Buster Protoss 

Build Orders: Oracle Opening 

Get SALT Encoding   

  12  0:01  Probe  
  13  0:14  Pylon  
  13  0:18  Probe  
  14  0:30  Probe  
  15  0:36  Gateway  
  15  0:44  Assimilator  
  15  0:50  Assimilator  
  15  0:53  Probe  
  16  1:06  Probe  
  17  1:13  Gateway  
  17  1:28  Cybernetics Core  
  17  1:32  Probe  
  18  1:47  Pylon  
  18  2:04  Stalker (Chrono Boost)  
  22  2:12  Stalker (Chrono Boost)  
  22  2:19  Stargate  
  22  2:27  Shield Battery  
  22  2:35  Probe  
  25  2:50  Probe  
  26  3:11  Oracle (Chrono Boost)  
  27  3:25  Nexus  
  27  3:26  Probe (Chrono Boost)  
  25  3:53  Probe  
  24  4:05  Probe  
  25  4:13  Void Ray  
  28  4:17  Probe  
  29  4:30  Probe  
  27  4:42  Probe  
  28  4:48  Probe  
  29  4:54  Probe  
  29  4:59  Stargate  
  30  5:00  Probe  
  30  5:06  Probe  
  32  5:09  Void Ray  
  36  5:21  Assimilator, Probe  
  36  5:23  Probe  
  38  5:33  Probe  
  39  5:35  Probe  
  40  5:45  Probe  
  40  5:47  Probe  
  42  5:54  Void Ray  
  46  6:05  Protoss Air Weapons Level 1 (Chrono Boost)  
  46  6:29  Pylon  
  46  6:42  Pylon  
  46  6:47  Oracle (Chrono Boost), Probe x2  
  51  6:59  Void Ray (Chrono Boost), Probe x2  
  57  7:06  Nexus  
  57  7:11  Probe x2  
  59  7:33  Pylon  
  59  7:44  Probe  
  59  7:50  Void Ray (Chrono Boost)  
  64  8:00  Nexus  
  64  8:10  Probe  
  64  8:11  Probe  
  66  8:19  Void Ray (Chrono Boost)  
  66  8:24  Protoss Air Armor Level 1  
  70  8:32  Robotics Facility  
  70  8:34  Probe  
  70  8:35  Probe  
  70  8:37  Assimilator  
  70  8:38  Probe  
  73  8:46  Probe  
  74  8:51  Void Ray  
  74  8:52  Stalker  
  78  9:24  Observer (Chrono Boost)  
  72  9:37  Observer (Chrono Boost)  
  72  9:44  Void Ray  
  77  9:45  Void Ray  
  70  10:31  Probe x4  
  73  10:37  Void Ray  
  77  10:43  Probe x4  
  77  10:49  Assimilator  
  81  10:50  Assimilator  
  81  10:55  Probe x4  
  77  11:28  Void Ray x2  
  85  11:33  Gateway  
  85  11:35  Gateway  
  85  11:36  Gateway  
  65  11:52  Immortal  
  69  11:59  Pylon, Probe x3 (Chrono Boost)  
  69  12:01  Probe (Chrono Boost)  
  73  12:08  Assimilator  
  76  12:09  Probe x4 (Chrono Boost), Warp Gate (Chrono Boost)  
  76  12:10  Assimilator  
  76  12:13  Twilight Council  
  77  12:15  Probe x2  
  77  12:16  Probe  
  77  12:17  Probe  
  81  12:27  Probe  
  81  12:28  Probe x2  
  81  12:29  Probe  
  67  12:39  Probe  
  67  12:40  Probe  
  67  12:41  Probe x2  
  69  12:49  Charge (Chrono Boost)  
  69  12:52  Probe x2  
  69  12:57  Probe x2  
  73  13:04  Probe x2  
  75  13:09  Probe x2  
  77  13:13  Zealot x3  
  77  13:14  Zealot x2  
  77  13:16  Probe x2  
  89  13:25  Probe x2  
  91  13:28  Probe x2  
  93  13:37  Probe x2  
  97  13:51  Probe x2  
  97  13:52  Probe x2  
  99  14:04  Pylon  
  99  14:06  Pylon  
  99  14:08  Pylon  
  99  14:10  Pylon  
  99  14:21  Immortal  
  103  14:27  Zealot  
  103  14:28  Zealot x4  
  105  14:46  Pylon  
  105  14:51  Pylon  
  85  15:16  Probe x4  
  89  15:28  Probe x2  
  91  15:46  Zealot x5  
  91  15:49  Void Ray x2  
  109  15:53  Immortal  
  109  15:56  Probe  
  115  15:57  Probe x3  
  115  16:03  Gateway  
  117  16:04  Gateway  
  115  16:24  Pylon  
  115  16:25  Pylon  
  115  16:27  Pylon  
  115  16:28  Pylon x2  
  115  16:29  Shield Battery, Pylon  
  115  16:32  Shield Battery  
  115  16:35  Shield Battery x2  
  115  16:40  Forge  
  115  16:41  Zealot x5  
  115  16:42  Forge  
  115  16:45  Probe  
  115  16:46  Probe x3  
  126  16:54  Immortal (Chrono Boost)  
  126  16:57  Probe  
  126  16:58  Probe  
  132  17:17  Protoss Ground Armor Level 1 (Chrono Boost), Protoss Ground Weapons Level 1 (Chrono Boost)  
  132  17:23  Zealot x2  
  132  17:24  Zealot x5  
  146  17:33  Photon Cannon  
  146  17:34  Photon Cannon  
  146  17:35  Photon Cannon  
  146  17:39  Photon Cannon  
  146  17:41  Probe x3, Photon Cannon  
  146  17:42  Probe  
  146  17:44  Photon Cannon  
  150  17:46  Robotics Facility  
  150  17:47  Immortal (Chrono Boost)  
  154  17:53  Probe x2  
  154  17:54  Probe x2  
  158  18:17  Immortal  
  158  18:19  Nexus  
  162  18:22  Probe x2  
  162  18:25  Photon Cannon  
  164  18:27  Photon Cannon  
  164  18:29  Photon Cannon  
  164  18:31  Photon Cannon  
  164  18:34  Photon Cannon  
  164  18:35  Shield Battery  
  164  18:39  Shield Battery  
  164  18:50  Immortal (Chrono Boost)  
  164  18:54  Immortal (Chrono Boost)  
  168  19:00  Nexus  
  172  19:13  Zealot x2  
  172  19:14  Zealot x5  
  186  19:23  Immortal  
  190  19:26  Immortal  
  194  19:36  Probe x2  
  196  19:49  Probe x2  
  179  20:06  Immortal x2  
  187  20:10  Zealot x4  
  195  20:25  Nexus  
  191  20:39  Pylon  
  191  20:41  Pylon  
  89  21:26  Zealot x4  
  89  21:27  Zealot x3  
  89  21:31  Probe x3  
  89  21:32  Probe  
  105  21:50  Dark Shrine  
  105  21:58  Zealot x5  
  105  21:59  Zealot x2  
  119  22:10  Immortal  
  119  22:11  Immortal  
  127  22:17  Protoss Ground Armor Level 2, Protoss Ground Weapons Level 2  
  127  22:19  Probe x3  
  127  22:20  Probe, Robotics Bay  
  131  22:27  Assimilator  
  131  22:32  Assimilator  
  131  22:46  Assimilator x2  
  131  22:54  Immortal x2  
  139  23:05  Dark Templar x6  
  147  23:06  Dark Templar  
  147  23:11  Probe x2  
  147  23:12  Probe x2  
  157  23:24  Probe x2  
  157  23:25  Probe x2  
  161  23:38  Dark Templar  
  161  23:39  Dark Templar x5  
  161  23:40  Dark Templar  
  175  23:46  Disruptor (Chrono Boost)  
  175  23:50  Stargate  
  181  23:56  Disruptor (Chrono Boost)  
  171  24:39  Dark Templar x4  
  171  24:40  Dark Templar x3  
  171  24:43  Archon x5  
  171  24:44  Archon  
  171  24:45  Archon  
  185  25:04  Stargate  
  185  25:19  Fleet Beacon  
  185  25:32  Archon  
  185  25:33  Archon  
  185  25:34  Archon  
  179  25:47  Pylon  
  179  25:48  Pylon  
  179  25:49  Protoss Ground Weapons Level 3 (Chrono Boost), Pylon  
  169  25:50  Pylon, Protoss Ground Armor Level 3 (Chrono Boost)  
  169  26:01  Observer x2  
  171  26:08  Mothership  
  146  26:51  Dark Templar x5  
  146  26:52  Dark Templar  
  158  26:55  Archon  
  158  26:56  Archon x2  
  111  28:01  Nexus  
  66  28:27  Assimilator  
  66  28:28  Nexus  
  66  28:30  Assimilator  
Tags
 
Add a new tag
Caveats
  • Supply blocks, unpowered buildings, or Contaminate may cause inaccurate times.
  • Supply counts are checked every 10 seconds.